%YAML 1.1
%TAG !u! tag:unity3d.com,2011:
--- !u!1 &378787798814018275
GameObject:
  m_ObjectHideFlags: 0
  m_CorrespondingSourceObject: {fileID: 0}
  m_PrefabInstance: {fileID: 0}
  m_PrefabAsset: {fileID: 0}
  serializedVersion: 6
  m_Component:
  - component: {fileID: 378787798814018276}
  m_Layer: 0
  m_Name: GameObject
  m_TagString: Untagged
  m_Icon: {fileID: 0}
  m_NavMeshLayer: 0
  m_StaticEditorFlags: 4294967295
  m_IsActive: 1
--- !u!4 &378787798814018276
Transform:
  m_ObjectHideFlags: 0
  m_CorrespondingSourceObject: {fileID: 0}
  m_PrefabInstance: {fileID: 0}
  m_PrefabAsset: {fileID: 0}
  m_GameObject: {fileID: 378787798814018275}
  m_LocalRotation: {x: 0, y: 0, z: 0, w: 1}
  m_LocalPosition: {x: 0, y: 0, z: 0}
  m_LocalScale: {x: 1, y: 1, z: 1}
  m_Children: []
  m_Father: {fileID: 378787799866400738}
  m_RootOrder: 0
  m_LocalEulerAnglesHint: {x: 0, y: 0, z: 0}
--- !u!1 &378787798859368847
GameObject:
  m_ObjectHideFlags: 0
  m_CorrespondingSourceObject: {fileID: 0}
  m_PrefabInstance: {fileID: 0}
  m_PrefabAsset: {fileID: 0}
  serializedVersion: 6
  m_Component:
  - component: {fileID: 378787798859368848}
  - component: {fileID: 378787798859368850}
  - component: {fileID: 378787798859368849}
  m_Layer: 0
  m_Name: Livre_1
  m_TagString: Untagged
  m_Icon: {fileID: 0}
  m_NavMeshLayer: 0
  m_StaticEditorFlags: 4294967295
  m_IsActive: 1
--- !u!4 &378787798859368848
Transform:
  m_ObjectHideFlags: 0
  m_CorrespondingSourceObject: {fileID: 0}
  m_PrefabInstance: {fileID: 0}
  m_PrefabAsset: {fileID: 0}
  m_GameObject: {fileID: 378787798859368847}
  m_LocalRotation: {x: -0.006202916, y: -0.6954256, z: -0.014652842, w: -0.7184219}
  m_LocalPosition: {x: -1.3188655, y: 0.33381033, z: -0.7298547}
  m_LocalScale: {x: 1, y: 1, z: 1}
  m_Children: []
  m_Father: {fileID: 378787799143847576}
  m_RootOrder: 2
  m_LocalEulerAnglesHint: {x: -0.657, y: 105.08, z: 1.7010001}
--- !u!33 &378787798859368850
MeshFilter:
  m_ObjectHideFlags: 0
  m_CorrespondingSourceObject: {fileID: 0}
  m_PrefabInstance: {fileID: 0}
  m_PrefabAsset: {fileID: 0}
  m_GameObject: {fileID: 378787798859368847}
  m_Mesh: {fileID: 435937207487318135, guid: 5bd0b6afabe2ff146abea1aff9f32563, type: 3}
--- !u!23 &378787798859368849
MeshRenderer:
  m_ObjectHideFlags: 0
  m_CorrespondingSourceObject: {fileID: 0}
  m_PrefabInstance: {fileID: 0}
  m_PrefabAsset: {fileID: 0}
  m_GameObject: {fileID: 378787798859368847}
  m_Enabled: 1
  m_CastShadows: 1
  m_ReceiveShadows: 1
  m_DynamicOccludee: 1
  m_MotionVectors: 1
  m_LightProbeUsage: 1
  m_ReflectionProbeUsage: 1
  m_RayTracingMode: 2
  m_RenderingLayerMask: 1
  m_RendererPriority: 0
  m_Materials:
  - {fileID: 2100000, guid: f0d5db3b9739bf54fa7e5db2517320a0, type: 2}
  m_StaticBatchInfo:
    firstSubMesh: 0
    subMeshCount: 0
  m_StaticBatchRoot: {fileID: 0}
  m_ProbeAnchor: {fileID: 0}
  m_LightProbeVolumeOverride: {fileID: 0}
  m_ScaleInLightmap: 1
  m_ReceiveGI: 1
  m_PreserveUVs: 0
  m_IgnoreNormalsForChartDetection: 0
  m_ImportantGI: 0
  m_StitchLightmapSeams: 1
  m_SelectedEditorRenderState: 3
  m_MinimumChartSize: 4
  m_AutoUVMaxDistance: 0.5
  m_AutoUVMaxAngle: 89
  m_LightmapParameters: {fileID: 0}
  m_SortingLayerID: 0
  m_SortingLayer: 0
  m_SortingOrder: 0
--- !u!1 &378787798958946827
GameObject:
  m_ObjectHideFlags: 0
  m_CorrespondingSourceObject: {fileID: 0}
  m_PrefabInstance: {fileID: 0}
  m_PrefabAsset: {fileID: 0}
  serializedVersion: 6
  m_Component:
  - component: {fileID: 378787798958946829}
  - component: {fileID: 378787798958946828}
  m_Layer: 0
  m_Name: Point Light (1)
  m_TagString: Untagged
  m_Icon: {fileID: 0}
  m_NavMeshLayer: 0
  m_StaticEditorFlags: 4294967295
  m_IsActive: 1
--- !u!4 &378787798958946829
Transform:
  m_ObjectHideFlags: 0
  m_CorrespondingSourceObject: {fileID: 0}
  m_PrefabInstance: {fileID: 0}
  m_PrefabAsset: {fileID: 0}
  m_GameObject: {fileID: 378787798958946827}
  m_LocalRotation: {x: -0, y: -0.25851166, z: -0, w: -0.9660082}
  m_LocalPosition: {x: -494.434, y: 120.50001, z: 38.142513}
  m_LocalScale: {x: 99.99998, y: 100, z: 99.99998}
  m_Children: []
  m_Father: {fileID: 378787799045612821}
  m_RootOrder: 0
  m_LocalEulerAnglesHint: {x: 0, y: 0, z: 0}
--- !u!108 &378787798958946828
Light:
  m_ObjectHideFlags: 0
  m_CorrespondingSourceObject: {fileID: 0}
  m_PrefabInstance: {fileID: 0}
  m_PrefabAsset: {fileID: 0}
  m_GameObject: {fileID: 378787798958946827}
  m_Enabled: 1
  serializedVersion: 10
  m_Type: 2
  m_Shape: 0
  m_Color: {r: 0.8773585, g: 0.3210624, b: 0.15312389, a: 1}
  m_Intensity: 5
  m_Range: 10
  m_SpotAngle: 30
  m_InnerSpotAngle: 21.80208
  m_CookieSize: 10
  m_Shadows:
    m_Type: 2
    m_Resolution: -1
    m_CustomResolution: -1
    m_Strength: 1
    m_Bias: 0.05
    m_NormalBias: 0.4
    m_NearPlane: 0.2
    m_CullingMatrixOverride:
      e00: 1
      e01: 0
      e02: 0
      e03: 0
      e10: 0
      e11: 1
      e12: 0
      e13: 0
      e20: 0
      e21: 0
      e22: 1
      e23: 0
      e30: 0
      e31: 0
      e32: 0
      e33: 1
    m_UseCullingMatrixOverride: 0
  m_Cookie: {fileID: 0}
  m_DrawHalo: 0
  m_Flare: {fileID: 0}
  m_RenderMode: 0
  m_CullingMask:
    serializedVersion: 2
    m_Bits: 4294967295
  m_RenderingLayerMask: 1
  m_Lightmapping: 4
  m_LightShadowCasterMode: 0
  m_AreaSize: {x: 1, y: 1}
  m_BounceIntensity: 0
  m_ColorTemperature: 6570
  m_UseColorTemperature: 0
  m_BoundingSphereOverride: {x: 0, y: 0, z: 0, w: 0}
  m_UseBoundingSphereOverride: 0
  m_ShadowRadius: 0
  m_ShadowAngle: 0
--- !u!1 &378787799030076229
GameObject:
  m_ObjectHideFlags: 0
  m_CorrespondingSourceObject: {fileID: 0}
  m_PrefabInstance: {fileID: 0}
  m_PrefabAsset: {fileID: 0}
  serializedVersion: 6
  m_Component:
  - component: {fileID: 378787799030076230}
  - component: {fileID: 378787799030076232}
  - component: {fileID: 378787799030076231}
  m_Layer: 0
  m_Name: Tabouret (1)
  m_TagString: Untagged
  m_Icon: {fileID: 0}
  m_NavMeshLayer: 0
  m_StaticEditorFlags: 4294967295
  m_IsActive: 1
--- !u!4 &378787799030076230
Transform:
  m_ObjectHideFlags: 0
  m_CorrespondingSourceObject: {fileID: 0}
  m_PrefabInstance: {fileID: 0}
  m_PrefabAsset: {fileID: 0}
  m_GameObject: {fileID: 378787799030076229}
  m_LocalRotation: {x: -0, y: -0, z: -0, w: 1}
  m_LocalPosition: {x: -1.2301738, y: -0.43989986, z: -0.7721268}
  m_LocalScale: {x: 1, y: 1, z: 1}
  m_Children: []
  m_Father: {fileID: 378787799143847576}
  m_RootOrder: 3
  m_LocalEulerAnglesHint: {x: 0, y: 0, z: 0}
--- !u!33 &378787799030076232
MeshFilter:
  m_ObjectHideFlags: 0
  m_CorrespondingSourceObject: {fileID: 0}
  m_PrefabInstance: {fileID: 0}
  m_PrefabAsset: {fileID: 0}
  m_GameObject: {fileID: 378787799030076229}
  m_Mesh: {fileID: -8522691240975168299, guid: 34a4c2bfc0ad87c49b8b2db32b1d3017, type: 3}
--- !u!23 &378787799030076231
MeshRenderer:
  m_ObjectHideFlags: 0
  m_CorrespondingSourceObject: {fileID: 0}
  m_PrefabInstance: {fileID: 0}
  m_PrefabAsset: {fileID: 0}
  m_GameObject: {fileID: 378787799030076229}
  m_Enabled: 1
  m_CastShadows: 1
  m_ReceiveShadows: 1
  m_DynamicOccludee: 1
  m_MotionVectors: 1
  m_LightProbeUsage: 1
  m_ReflectionProbeUsage: 1
  m_RayTracingMode: 2
  m_RenderingLayerMask: 1
  m_RendererPriority: 0
  m_Materials:
  - {fileID: 2100000, guid: 98befdc661bb1b84594b3cce064bad5a, type: 2}
  m_StaticBatchInfo:
    firstSubMesh: 0
    subMeshCount: 0
  m_StaticBatchRoot: {fileID: 0}
  m_ProbeAnchor: {fileID: 0}
  m_LightProbeVolumeOverride: {fileID: 0}
  m_ScaleInLightmap: 1
  m_ReceiveGI: 1
  m_PreserveUVs: 0
  m_IgnoreNormalsForChartDetection: 0
  m_ImportantGI: 0
  m_StitchLightmapSeams: 1
  m_SelectedEditorRenderState: 3
  m_MinimumChartSize: 4
  m_AutoUVMaxDistance: 0.5
  m_AutoUVMaxAngle: 89
  m_LightmapParameters: {fileID: 0}
  m_SortingLayerID: 0
  m_SortingLayer: 0
  m_SortingOrder: 0
--- !u!1 &378787799040272004
GameObject:
  m_ObjectHideFlags: 0
  m_CorrespondingSourceObject: {fileID: 0}
  m_PrefabInstance: {fileID: 0}
  m_PrefabAsset: {fileID: 0}
  serializedVersion: 6
  m_Component:
  - component: {fileID: 378787799040272005}
  - component: {fileID: 378787799040272007}
  - component: {fileID: 378787799040272006}
  - component: {fileID: 1180464872}
  m_Layer: 0
  m_Name: Armchair 1
  m_TagString: Untagged
  m_Icon: {fileID: 0}
  m_NavMeshLayer: 0
  m_StaticEditorFlags: 4294967295
  m_IsActive: 1
--- !u!4 &378787799040272005
Transform:
  m_ObjectHideFlags: 0
  m_CorrespondingSourceObject: {fileID: 0}
  m_PrefabInstance: {fileID: 0}
  m_PrefabAsset: {fileID: 0}
  m_GameObject: {fileID: 378787799040272004}
  m_LocalRotation: {x: -0, y: 0.9999245, z: -0, w: 0.012295514}
  m_LocalPosition: {x: -354.7855, y: -101.59999, z: 84.41405}
  m_LocalScale: {x: 99.99998, y: 100, z: 99.99998}
  m_Children: []
  m_Father: {fileID: 378787799045612821}
  m_RootOrder: 5
  m_LocalEulerAnglesHint: {x: 0, y: 178.591, z: 0}
--- !u!33 &378787799040272007
MeshFilter:
  m_ObjectHideFlags: 0
  m_CorrespondingSourceObject: {fileID: 0}
  m_PrefabInstance: {fileID: 0}
  m_PrefabAsset: {fileID: 0}
  m_GameObject: {fileID: 378787799040272004}
  m_Mesh: {fileID: 6548614679560893509, guid: cb972f359866cef4587de442548c714c, type: 3}
--- !u!23 &378787799040272006
MeshRenderer:
  m_ObjectHideFlags: 0
  m_CorrespondingSourceObject: {fileID: 0}
  m_PrefabInstance: {fileID: 0}
  m_PrefabAsset: {fileID: 0}
  m_GameObject: {fileID: 378787799040272004}
  m_Enabled: 1
  m_CastShadows: 1
  m_ReceiveShadows: 1
  m_DynamicOccludee: 1
  m_MotionVectors: 1
  m_LightProbeUsage: 1
  m_ReflectionProbeUsage: 1
  m_RayTracingMode: 2
  m_RenderingLayerMask: 1
  m_RendererPriority: 0
  m_Materials:
  - {fileID: 2100000, guid: b027ca843d849594aad6a8715549d52a, type: 2}
  m_StaticBatchInfo:
    firstSubMesh: 0
    subMeshCount: 0
  m_StaticBatchRoot: {fileID: 0}
  m_ProbeAnchor: {fileID: 0}
  m_LightProbeVolumeOverride: {fileID: 0}
  m_ScaleInLightmap: 1
  m_ReceiveGI: 1
  m_PreserveUVs: 0
  m_IgnoreNormalsForChartDetection: 0
  m_ImportantGI: 0
  m_StitchLightmapSeams: 1
  m_SelectedEditorRenderState: 3
  m_MinimumChartSize: 4
  m_AutoUVMaxDistance: 0.5
  m_AutoUVMaxAngle: 89
  m_LightmapParameters: {fileID: 0}
  m_SortingLayerID: 0
  m_SortingLayer: 0
  m_SortingOrder: 0
--- !u!65 &1180464872
BoxCollider:
  m_ObjectHideFlags: 0
  m_CorrespondingSourceObject: {fileID: 0}
  m_PrefabInstance: {fileID: 0}
  m_PrefabAsset: {fileID: 0}
  m_GameObject: {fileID: 378787799040272004}
  m_Material: {fileID: 0}
  m_IsTrigger: 0
  m_Enabled: 1
  serializedVersion: 2
  m_Size: {x: 1.6602592, y: 1.6766734, z: 1.327058}
  m_Center: {x: 0.065285996, y: 0.8383424, z: 0.017269721}
--- !u!1 &378787799045612820
GameObject:
  m_ObjectHideFlags: 0
  m_CorrespondingSourceObject: {fileID: 0}
  m_PrefabInstance: {fileID: 0}
  m_PrefabAsset: {fileID: 0}
  serializedVersion: 6
  m_Component:
  - component: {fileID: 378787799045612821}
  m_Layer: 0
  m_Name: Coin Fauteuil
  m_TagString: Untagged
  m_Icon: {fileID: 0}
  m_NavMeshLayer: 0
  m_StaticEditorFlags: 4294967295
  m_IsActive: 1
--- !u!4 &378787799045612821
Transform:
  m_ObjectHideFlags: 0
  m_CorrespondingSourceObject: {fileID: 0}
  m_PrefabInstance: {fileID: 0}
  m_PrefabAsset: {fileID: 0}
  m_GameObject: {fileID: 378787799045612820}
  m_LocalRotation: {x: 0, y: -0.25851563, z: 0, w: 0.9660072}
  m_LocalPosition: {x: 0.54, y: 1.028, z: 1.23}
  m_LocalScale: {x: 0.010000002, y: 0.01, z: 0.010000002}
  m_Children:
  - {fileID: 378787798958946829}
  - {fileID: 378787799140985386}
  - {fileID: 2310085975226328474}
  - {fileID: 2310085977058257605}
  - {fileID: 378787799143847576}
  - {fileID: 378787799040272005}
  - {fileID: 378787799984328881}
  - {fileID: 378787799308768191}
  - {fileID: 378787799624104450}
  - {fileID: 378787799493465299}
  - {fileID: 378787800611601824}
  m_Father: {fileID: 0}
  m_RootOrder: 0
  m_LocalEulerAnglesHint: {x: 0, y: -29.964, z: 0}
--- !u!1 &378787799090685011
GameObject:
  m_ObjectHideFlags: 0
  m_CorrespondingSourceObject: {fileID: 0}
  m_PrefabInstance: {fileID: 0}
  m_PrefabAsset: {fileID: 0}
  serializedVersion: 6
  m_Component:
  - component: {fileID: 378787799090685012}
  - component: {fileID: 378787799090685014}
  - component: {fileID: 378787799090685013}
  m_Layer: 0
  m_Name: Livre_3
  m_TagString: Untagged
  m_Icon: {fileID: 0}
  m_NavMeshLayer: 0
  m_StaticEditorFlags: 4294967295
  m_IsActive: 1
--- !u!4 &378787799090685012
Transform:
  m_ObjectHideFlags: 0
  m_CorrespondingSourceObject: {fileID: 0}
  m_PrefabInstance: {fileID: 0}
  m_PrefabAsset: {fileID: 0}
  m_GameObject: {fileID: 378787799090685011}
  m_LocalRotation: {x: -0, y: -0.19913049, z: -0, w: -0.979973}
  m_LocalPosition: {x: -1.2468688, y: 0.17671031, z: -0.7225431}
  m_LocalScale: {x: 1, y: 1, z: 1}
  m_Children: []
  m_Father: {fileID: 378787799143847576}
  m_RootOrder: 0
  m_LocalEulerAnglesHint: {x: 0, y: 39.926003, z: 0}
--- !u!33 &378787799090685014
MeshFilter:
  m_ObjectHideFlags: 0
  m_CorrespondingSourceObject: {fileID: 0}
  m_PrefabInstance: {fileID: 0}
  m_PrefabAsset: {fileID: 0}
  m_GameObject: {fileID: 378787799090685011}
  m_Mesh: {fileID: -1990675280274107132, guid: 49dead3e60b2de148aec1d99a8bb0f16, type: 3}
--- !u!23 &378787799090685013
MeshRenderer:
  m_ObjectHideFlags: 0
  m_CorrespondingSourceObject: {fileID: 0}
  m_PrefabInstance: {fileID: 0}
  m_PrefabAsset: {fileID: 0}
  m_GameObject: {fileID: 378787799090685011}
  m_Enabled: 1
  m_CastShadows: 1
  m_ReceiveShadows: 1
  m_DynamicOccludee: 1
  m_MotionVectors: 1
  m_LightProbeUsage: 1
  m_ReflectionProbeUsage: 1
  m_RayTracingMode: 2
  m_RenderingLayerMask: 1
  m_RendererPriority: 0
  m_Materials:
  - {fileID: 2100000, guid: dc0b5019c73bb434f8af5e6b91c64e06, type: 2}
  m_StaticBatchInfo:
    firstSubMesh: 0
    subMeshCount: 0
  m_StaticBatchRoot: {fileID: 0}
  m_ProbeAnchor: {fileID: 0}
  m_LightProbeVolumeOverride: {fileID: 0}
  m_ScaleInLightmap: 1
  m_ReceiveGI: 1
  m_PreserveUVs: 0
  m_IgnoreNormalsForChartDetection: 0
  m_ImportantGI: 0
  m_StitchLightmapSeams: 1
  m_SelectedEditorRenderState: 3
  m_MinimumChartSize: 4
  m_AutoUVMaxDistance: 0.5
  m_AutoUVMaxAngle: 89
  m_LightmapParameters: {fileID: 0}
  m_SortingLayerID: 0
  m_SortingLayer: 0
  m_SortingOrder: 0
--- !u!1 &378787799140985384
GameObject:
  m_ObjectHideFlags: 0
  m_CorrespondingSourceObject: {fileID: 0}
  m_PrefabInstance: {fileID: 0}
  m_PrefabAsset: {fileID: 0}
  serializedVersion: 6
  m_Component:
  - component: {fileID: 378787799140985386}
  - component: {fileID: 378787799140985385}
  m_Layer: 0
  m_Name: Point Light (2)
  m_TagString: Untagged
  m_Icon: {fileID: 0}
  m_NavMeshLayer: 0
  m_StaticEditorFlags: 4294967295
  m_IsActive: 1
--- !u!4 &378787799140985386
Transform:
  m_ObjectHideFlags: 0
  m_CorrespondingSourceObject: {fileID: 0}
  m_PrefabInstance: {fileID: 0}
  m_PrefabAsset: {fileID: 0}
  m_GameObject: {fileID: 378787799140985384}
  m_LocalRotation: {x: -0, y: -0.25851166, z: -0, w: -0.9660082}
  m_LocalPosition: {x: -455.84677, y: 110.7, z: 73.84155}
  m_LocalScale: {x: 99.99998, y: 100, z: 99.99998}
  m_Children: []
  m_Father: {fileID: 378787799045612821}
  m_RootOrder: 1
  m_LocalEulerAnglesHint: {x: 0, y: 0, z: 0}
--- !u!108 &378787799140985385
Light:
  m_ObjectHideFlags: 0
  m_CorrespondingSourceObject: {fileID: 0}
  m_PrefabInstance: {fileID: 0}
  m_PrefabAsset: {fileID: 0}
  m_GameObject: {fileID: 378787799140985384}
  m_Enabled: 1
  serializedVersion: 10
  m_Type: 2
  m_Shape: 0
  m_Color: {r: 0.9528302, g: 0.4646795, b: 0.22921856, a: 1}
  m_Intensity: 5
  m_Range: 8
  m_SpotAngle: 30
  m_InnerSpotAngle: 21.80208
  m_CookieSize: 10
  m_Shadows:
    m_Type: 2
    m_Resolution: -1
    m_CustomResolution: -1
    m_Strength: 1
    m_Bias: 0.05
    m_NormalBias: 0.4
    m_NearPlane: 0.2
    m_CullingMatrixOverride:
      e00: 1
      e01: 0
      e02: 0
      e03: 0
      e10: 0
      e11: 1
      e12: 0
      e13: 0
      e20: 0
      e21: 0
      e22: 1
      e23: 0
      e30: 0
      e31: 0
      e32: 0
      e33: 1
    m_UseCullingMatrixOverride: 0
  m_Cookie: {fileID: 0}
  m_DrawHalo: 0
  m_Flare: {fileID: 0}
  m_RenderMode: 0
  m_CullingMask:
    serializedVersion: 2
    m_Bits: 4294967295
  m_RenderingLayerMask: 1
  m_Lightmapping: 4
  m_LightShadowCasterMode: 0
  m_AreaSize: {x: 1, y: 1}
  m_BounceIntensity: 1
  m_ColorTemperature: 6570
  m_UseColorTemperature: 0
  m_BoundingSphereOverride: {x: 0, y: 0, z: 0, w: 0}
  m_UseBoundingSphereOverride: 0
  m_ShadowRadius: 0
  m_ShadowAngle: 0
--- !u!1 &378787799143847575
GameObject:
  m_ObjectHideFlags: 0
  m_CorrespondingSourceObject: {fileID: 0}
  m_PrefabInstance: {fileID: 0}
  m_PrefabAsset: {fileID: 0}
  serializedVersion: 6
  m_Component:
  - component: {fileID: 378787799143847576}
  - component: {fileID: 1550370553}
  m_Layer: 0
  m_Name: PileChandelier
  m_TagString: Untagged
  m_Icon: {fileID: 0}
  m_NavMeshLayer: 0
  m_StaticEditorFlags: 4294967295
  m_IsActive: 1
--- !u!4 &378787799143847576
Transform:
  m_ObjectHideFlags: 0
  m_CorrespondingSourceObject: {fileID: 0}
  m_PrefabInstance: {fileID: 0}
  m_PrefabAsset: {fileID: 0}
  m_GameObject: {fileID: 378787799143847575}
  m_LocalRotation: {x: -0, y: -0.25851166, z: -0, w: -0.9660082}
  m_LocalPosition: {x: -322.12607, y: -58.810013, z: 45.902184}
  m_LocalScale: {x: 99.99998, y: 100, z: 99.99998}
  m_Children:
  - {fileID: 378787799090685012}
  - {fileID: 378787800210916117}
  - {fileID: 378787798859368848}
  - {fileID: 378787799030076230}
  - {fileID: 378787800083181083}
  m_Father: {fileID: 378787799045612821}
  m_RootOrder: 4
  m_LocalEulerAnglesHint: {x: 0, y: 0, z: 0}
--- !u!65 &1550370553
BoxCollider:
  m_ObjectHideFlags: 0
  m_CorrespondingSourceObject: {fileID: 0}
  m_PrefabInstance: {fileID: 0}
  m_PrefabAsset: {fileID: 0}
  m_GameObject: {fileID: 378787799143847575}
  m_Material: {fileID: 0}
  m_IsTrigger: 0
  m_Enabled: 1
  serializedVersion: 2
  m_Size: {x: 0.87966454, y: 2.1429334, z: 0.83106685}
  m_Center: {x: -1.197357, y: 0.56924033, z: -0.58270943}
--- !u!1 &378787799229877035
GameObject:
  m_ObjectHideFlags: 0
  m_CorrespondingSourceObject: {fileID: 0}
  m_PrefabInstance: {fileID: 0}
  m_PrefabAsset: {fileID: 0}
  serializedVersion: 6
  m_Component:
  - component: {fileID: 378787799229877036}
  m_Layer: 0
  m_Name: GameObject
  m_TagString: Untagged
  m_Icon: {fileID: 0}
  m_NavMeshLayer: 0
  m_StaticEditorFlags: 4294967295
  m_IsActive: 1
--- !u!4 &378787799229877036
Transform:
  m_ObjectHideFlags: 0
  m_CorrespondingSourceObject: {fileID: 0}
  m_PrefabInstance: {fileID: 0}
  m_PrefabAsset: {fileID: 0}
  m_GameObject: {fileID: 378787799229877035}
  m_LocalRotation: {x: 0, y: 0, z: 0, w: 1}
  m_LocalPosition: {x: 0, y: 0, z: 0}
  m_LocalScale: {x: 1, y: 1, z: 1}
  m_Children: []
  m_Father: {fileID: 378787800257658128}
  m_RootOrder: 0
  m_LocalEulerAnglesHint: {x: 0, y: 0, z: 0}
--- !u!1 &378787799308768190
GameObject:
  m_ObjectHideFlags: 0
  m_CorrespondingSourceObject: {fileID: 0}
  m_PrefabInstance: {fileID: 0}
  m_PrefabAsset: {fileID: 0}
  serializedVersion: 6
  m_Component:
  - component: {fileID: 378787799308768191}
  - component: {fileID: 1448952800}
  m_Layer: 0
  m_Name: Pile_Livres
  m_TagString: Untagged
  m_Icon: {fileID: 0}
  m_NavMeshLayer: 0
  m_StaticEditorFlags: 4294967295
  m_IsActive: 1
--- !u!4 &378787799308768191
Transform:
  m_ObjectHideFlags: 0
  m_CorrespondingSourceObject: {fileID: 0}
  m_PrefabInstance: {fileID: 0}
  m_PrefabAsset: {fileID: 0}
  m_GameObject: {fileID: 378787799308768190}
  m_LocalRotation: {x: 0, y: -0.1821241, z: -0, w: -0.9832756}
  m_LocalPosition: {x: -254.16307, y: -89.5, z: 49.299534}
  m_LocalScale: {x: 100, y: 100, z: 100}
  m_Children:
  - {fileID: 378787799866400738}
  - {fileID: 378787800257658128}
  - {fileID: 378787799729664431}
  - {fileID: 378787800394040968}
  - {fileID: 378787800763439804}
  - {fileID: 378787799925569828}
  m_Father: {fileID: 378787799045612821}
  m_RootOrder: 7
  m_LocalEulerAnglesHint: {x: 0, y: -8.977, z: 0}
--- !u!65 &1448952800
BoxCollider:
  m_ObjectHideFlags: 0
  m_CorrespondingSourceObject: {fileID: 0}
  m_PrefabInstance: {fileID: 0}
  m_PrefabAsset: {fileID: 0}
  m_GameObject: {fileID: 378787799308768190}
  m_Material: {fileID: 0}
  m_IsTrigger: 0
  m_Enabled: 1
  serializedVersion: 2
  m_Size: {x: 0.58526474, y: 0.88635325, z: 0.66786724}
  m_Center: {x: -0.016275642, y: 0.2777878, z: -0.098046795}
--- !u!1 &378787799385658232
GameObject:
  m_ObjectHideFlags: 0
  m_CorrespondingSourceObject: {fileID: 0}
  m_PrefabInstance: {fileID: 0}
  m_PrefabAsset: {fileID: 0}
  serializedVersion: 6
  m_Component:
  - component: {fileID: 378787799385658233}
  m_Layer: 0
  m_Name: GameObject
  m_TagString: Untagged
  m_Icon: {fileID: 0}
  m_NavMeshLayer: 0
  m_StaticEditorFlags: 4294967295
  m_IsActive: 1
--- !u!4 &378787799385658233
Transform:
  m_ObjectHideFlags: 0
  m_CorrespondingSourceObject: {fileID: 0}
  m_PrefabInstance: {fileID: 0}
  m_PrefabAsset: {fileID: 0}
  m_GameObject: {fileID: 378787799385658232}
  m_LocalRotation: {x: 0, y: 0, z: 0, w: 1}
  m_LocalPosition: {x: 0, y: 0, z: 0}
  m_LocalScale: {x: 1, y: 1, z: 1}
  m_Children: []
  m_Father: {fileID: 378787800763439804}
  m_RootOrder: 0
  m_LocalEulerAnglesHint: {x: 0, y: 0, z: 0}
--- !u!1 &378787799395996525
GameObject:
  m_ObjectHideFlags: 0
  m_CorrespondingSourceObject: {fileID: 0}
  m_PrefabInstance: {fileID: 0}
  m_PrefabAsset: {fileID: 0}
  serializedVersion: 6
  m_Component:
  - component: {fileID: 378787799395996526}
  m_Layer: 0
  m_Name: GameObject
  m_TagString: Untagged
  m_Icon: {fileID: 0}
  m_NavMeshLayer: 0
  m_StaticEditorFlags: 4294967295
  m_IsActive: 1
--- !u!4 &378787799395996526
Transform:
  m_ObjectHideFlags: 0
  m_CorrespondingSourceObject: {fileID: 0}
  m_PrefabInstance: {fileID: 0}
  m_PrefabAsset: {fileID: 0}
  m_GameObject: {fileID: 378787799395996525}
  m_LocalRotation: {x: 0, y: 0, z: 0, w: 1}
  m_LocalPosition: {x: 0, y: 0, z: 0}
  m_LocalScale: {x: 1, y: 1, z: 1}
  m_Children: []
  m_Father: {fileID: 378787799729664431}
  m_RootOrder: 0
  m_LocalEulerAnglesHint: {x: 0, y: 0, z: 0}
--- !u!1 &378787799624104449
GameObject:
  m_ObjectHideFlags: 0
  m_CorrespondingSourceObject: {fileID: 0}
  m_PrefabInstance: {fileID: 0}
  m_PrefabAsset: {fileID: 0}
  serializedVersion: 6
  m_Component:
  - component: {fileID: 378787799624104450}
  - component: {fileID: 378787799624104452}
  - component: {fileID: 378787799624104451}
  m_Layer: 0
  m_Name: livre_ouvert_2
  m_TagString: Untagged
  m_Icon: {fileID: 0}
  m_NavMeshLayer: 0
  m_StaticEditorFlags: 4294967295
  m_IsActive: 1
--- !u!4 &378787799624104450
Transform:
  m_ObjectHideFlags: 0
  m_CorrespondingSourceObject: {fileID: 0}
  m_PrefabInstance: {fileID: 0}
  m_PrefabAsset: {fileID: 0}
  m_GameObject: {fileID: 378787799624104449}
  m_LocalRotation: {x: 0.0282883, y: -0.8135524, z: -0.02704969, w: 0.5801729}
  m_LocalPosition: {x: -350.8, y: -29.400003, z: 57.8}
  m_LocalScale: {x: 100.00002, y: 100, z: 100.000015}
  m_Children: []
  m_Father: {fileID: 378787799045612821}
  m_RootOrder: 8
  m_LocalEulerAnglesHint: {x: -0.64100003, y: -108.98701, z: -4.44}
--- !u!33 &378787799624104452
MeshFilter:
  m_ObjectHideFlags: 0
  m_CorrespondingSourceObject: {fileID: 0}
  m_PrefabInstance: {fileID: 0}
  m_PrefabAsset: {fileID: 0}
  m_GameObject: {fileID: 378787799624104449}
  m_Mesh: {fileID: -5057104278295080532, guid: ce0565f35851778479624666f23155d7, type: 3}
--- !u!23 &378787799624104451
MeshRenderer:
  m_ObjectHideFlags: 0
  m_CorrespondingSourceObject: {fileID: 0}
  m_PrefabInstance: {fileID: 0}
  m_PrefabAsset: {fileID: 0}
  m_GameObject: {fileID: 378787799624104449}
  m_Enabled: 1
  m_CastShadows: 0
  m_ReceiveShadows: 1
  m_DynamicOccludee: 1
  m_MotionVectors: 1
  m_LightProbeUsage: 1
  m_ReflectionProbeUsage: 1
  m_RayTracingMode: 2
  m_RenderingLayerMask: 1
  m_RendererPriority: 0
  m_Materials:
  - {fileID: 2100000, guid: 83cc1ac45b79e94438c523f359ee0063, type: 2}
  m_StaticBatchInfo:
    firstSubMesh: 0
    subMeshCount: 0
  m_StaticBatchRoot: {fileID: 0}
  m_ProbeAnchor: {fileID: 0}
  m_LightProbeVolumeOverride: {fileID: 0}
  m_ScaleInLightmap: 1
  m_ReceiveGI: 1
  m_PreserveUVs: 0
  m_IgnoreNormalsForChartDetection: 0
  m_ImportantGI: 0
  m_StitchLightmapSeams: 1
  m_SelectedEditorRenderState: 3
  m_MinimumChartSize: 4
  m_AutoUVMaxDistance: 0.5
  m_AutoUVMaxAngle: 89
  m_LightmapParameters: {fileID: 0}
  m_SortingLayerID: 0
  m_SortingLayer: 0
  m_SortingOrder: 0
--- !u!1 &378787799729664430
GameObject:
  m_ObjectHideFlags: 0
  m_CorrespondingSourceObject: {fileID: 0}
  m_PrefabInstance: {fileID: 0}
  m_PrefabAsset: {fileID: 0}
  serializedVersion: 6
  m_Component:
  - component: {fileID: 378787799729664431}
  - component: {fileID: 378787799729664435}
  - component: {fileID: 378787799729664434}
  m_Layer: 0
  m_Name: Livre_1
  m_TagString: Untagged
  m_Icon: {fileID: 0}
  m_NavMeshLayer: 0
  m_StaticEditorFlags: 4294967295
  m_IsActive: 1
--- !u!4 &378787799729664431
Transform:
  m_ObjectHideFlags: 0
  m_CorrespondingSourceObject: {fileID: 0}
  m_PrefabInstance: {fileID: 0}
  m_PrefabAsset: {fileID: 0}
  m_GameObject: {fileID: 378787799729664430}
  m_LocalRotation: {x: -0, y: 0.23223853, z: -0, w: 0.9726589}
  m_LocalPosition: {x: 0.07200003, y: -0.100999996, z: -0.004000008}
  m_LocalScale: {x: 1, y: 1, z: 1}
  m_Children:
  - {fileID: 378787799395996526}
  m_Father: {fileID: 378787799308768191}
  m_RootOrder: 2
  m_LocalEulerAnglesHint: {x: 0, y: 26.858002, z: 0}
--- !u!33 &378787799729664435
MeshFilter:
  m_ObjectHideFlags: 0
  m_CorrespondingSourceObject: {fileID: 0}
  m_PrefabInstance: {fileID: 0}
  m_PrefabAsset: {fileID: 0}
  m_GameObject: {fileID: 378787799729664430}
  m_Mesh: {fileID: 435937207487318135, guid: 5bd0b6afabe2ff146abea1aff9f32563, type: 3}
--- !u!23 &378787799729664434
MeshRenderer:
  m_ObjectHideFlags: 0
  m_CorrespondingSourceObject: {fileID: 0}
  m_PrefabInstance: {fileID: 0}
  m_PrefabAsset: {fileID: 0}
  m_GameObject: {fileID: 378787799729664430}
  m_Enabled: 1
  m_CastShadows: 1
  m_ReceiveShadows: 1
  m_DynamicOccludee: 1
  m_MotionVectors: 1
  m_LightProbeUsage: 1
  m_ReflectionProbeUsage: 1
  m_RayTracingMode: 2
  m_RenderingLayerMask: 1
  m_RendererPriority: 0
  m_Materials:
  - {fileID: 2100000, guid: cc835f1d90c2e7b4b8658e8bdde87a87, type: 2}
  m_StaticBatchInfo:
    firstSubMesh: 0
    subMeshCount: 0
  m_StaticBatchRoot: {fileID: 0}
  m_ProbeAnchor: {fileID: 0}
  m_LightProbeVolumeOverride: {fileID: 0}
  m_ScaleInLightmap: 1
  m_ReceiveGI: 1
  m_PreserveUVs: 0
  m_IgnoreNormalsForChartDetection: 0
  m_ImportantGI: 0
  m_StitchLightmapSeams: 1
  m_SelectedEditorRenderState: 3
  m_MinimumChartSize: 4
  m_AutoUVMaxDistance: 0.5
  m_AutoUVMaxAngle: 89
  m_LightmapParameters: {fileID: 0}
  m_SortingLayerID: 0
  m_SortingLayer: 0
  m_SortingOrder: 0
--- !u!1 &378787799866400737
GameObject:
  m_ObjectHideFlags: 0
  m_CorrespondingSourceObject: {fileID: 0}
  m_PrefabInstance: {fileID: 0}
  m_PrefabAsset: {fileID: 0}
  serializedVersion: 6
  m_Component:
  - component: {fileID: 378787799866400738}
  - component: {fileID: 378787799866400741}
  - component: {fileID: 378787799866400740}
  - component: {fileID: 378787799866400739}
  m_Layer: 0
  m_Name: livre_ouvert_1
  m_TagString: Untagged
  m_Icon: {fileID: 0}
  m_NavMeshLayer: 0
  m_StaticEditorFlags: 4294967295
  m_IsActive: 1
--- !u!4 &378787799866400738
Transform:
  m_ObjectHideFlags: 0
  m_CorrespondingSourceObject: {fileID: 0}
  m_PrefabInstance: {fileID: 0}
  m_PrefabAsset: {fileID: 0}
  m_GameObject: {fileID: 378787799866400737}
  m_LocalRotation: {x: -0, y: 0.53379166, z: -0, w: 0.84561604}
  m_LocalPosition: {x: 0.33599997, y: -0.128, z: -0.43800002}
  m_LocalScale: {x: 1, y: 1, z: 1}
  m_Children:
  - {fileID: 378787798814018276}
  m_Father: {fileID: 378787799308768191}
  m_RootOrder: 0
  m_LocalEulerAnglesHint: {x: 0, y: 64.524, z: 0}
--- !u!33 &378787799866400741
MeshFilter:
  m_ObjectHideFlags: 0
  m_CorrespondingSourceObject: {fileID: 0}
  m_PrefabInstance: {fileID: 0}
  m_PrefabAsset: {fileID: 0}
  m_GameObject: {fileID: 378787799866400737}
  m_Mesh: {fileID: 8016047452953109821, guid: 3c8eb9776b033a547a4968e7b2705b64, type: 3}
--- !u!23 &378787799866400740
MeshRenderer:
  m_ObjectHideFlags: 0
  m_CorrespondingSourceObject: {fileID: 0}
  m_PrefabInstance: {fileID: 0}
  m_PrefabAsset: {fileID: 0}
  m_GameObject: {fileID: 378787799866400737}
  m_Enabled: 1
  m_CastShadows: 1
  m_ReceiveShadows: 1
  m_DynamicOccludee: 1
  m_MotionVectors: 1
  m_LightProbeUsage: 1
  m_ReflectionProbeUsage: 1
  m_RayTracingMode: 2
  m_RenderingLayerMask: 1
  m_RendererPriority: 0
  m_Materials:
  - {fileID: 2100000, guid: 493bb970ec35fc34cb99ac587081dd2a, type: 2}
  m_StaticBatchInfo:
    firstSubMesh: 0
    subMeshCount: 0
  m_StaticBatchRoot: {fileID: 0}
  m_ProbeAnchor: {fileID: 0}
  m_LightProbeVolumeOverride: {fileID: 0}
  m_ScaleInLightmap: 1
  m_ReceiveGI: 1
  m_PreserveUVs: 0
  m_IgnoreNormalsForChartDetection: 0
  m_ImportantGI: 0
  m_StitchLightmapSeams: 1
  m_SelectedEditorRenderState: 3
  m_MinimumChartSize: 4
  m_AutoUVMaxDistance: 0.5
  m_AutoUVMaxAngle: 89
  m_LightmapParameters: {fileID: 0}
  m_SortingLayerID: 0
  m_SortingLayer: 0
  m_SortingOrder: 0
--- !u!64 &378787799866400739
MeshCollider:
  m_ObjectHideFlags: 0
  m_CorrespondingSourceObject: {fileID: 0}
  m_PrefabInstance: {fileID: 0}
  m_PrefabAsset: {fileID: 0}
  m_GameObject: {fileID: 378787799866400737}
  m_Material: {fileID: 0}
  m_IsTrigger: 0
  m_Enabled: 1
  serializedVersion: 4
  m_Convex: 0
  m_CookingOptions: 30
  m_Mesh: {fileID: 8016047452953109821, guid: 3c8eb9776b033a547a4968e7b2705b64, type: 3}
--- !u!1 &378787799925569827
GameObject:
  m_ObjectHideFlags: 0
  m_CorrespondingSourceObject: {fileID: 0}
  m_PrefabInstance: {fileID: 0}
  m_PrefabAsset: {fileID: 0}
  serializedVersion: 6
  m_Component:
  - component: {fileID: 378787799925569828}
  - component: {fileID: 378787799925569832}
  - component: {fileID: 378787799925569831}
  m_Layer: 0
  m_Name: Livre_3
  m_TagString: Untagged
  m_Icon: {fileID: 0}
  m_NavMeshLayer: 0
  m_StaticEditorFlags: 4294967295
  m_IsActive: 1
--- !u!4 &378787799925569828
Transform:
  m_ObjectHideFlags: 0
  m_CorrespondingSourceObject: {fileID: 0}
  m_PrefabInstance: {fileID: 0}
  m_PrefabAsset: {fileID: 0}
  m_GameObject: {fileID: 378787799925569827}
  m_LocalRotation: {x: -0, y: -0, z: -0, w: 1}
  m_LocalPosition: {x: 0, y: 0, z: 0}
  m_LocalScale: {x: 1, y: 1, z: 1}
  m_Children: []
  m_Father: {fileID: 378787799308768191}
  m_RootOrder: 5
  m_LocalEulerAnglesHint: {x: 0, y: 0, z: 0}
--- !u!33 &378787799925569832
MeshFilter:
  m_ObjectHideFlags: 0
  m_CorrespondingSourceObject: {fileID: 0}
  m_PrefabInstance: {fileID: 0}
  m_PrefabAsset: {fileID: 0}
  m_GameObject: {fileID: 378787799925569827}
  m_Mesh: {fileID: -1990675280274107132, guid: 49dead3e60b2de148aec1d99a8bb0f16, type: 3}
--- !u!23 &378787799925569831
MeshRenderer:
  m_ObjectHideFlags: 0
  m_CorrespondingSourceObject: {fileID: 0}
  m_PrefabInstance: {fileID: 0}
  m_PrefabAsset: {fileID: 0}
  m_GameObject: {fileID: 378787799925569827}
  m_Enabled: 1
  m_CastShadows: 1
  m_ReceiveShadows: 1
  m_DynamicOccludee: 1
  m_MotionVectors: 1
  m_LightProbeUsage: 1
  m_ReflectionProbeUsage: 1
  m_RayTracingMode: 2
  m_RenderingLayerMask: 1
  m_RendererPriority: 0
  m_Materials:
  - {fileID: 2100000, guid: 51e04eae445ebe64599777fdbe77a458, type: 2}
  m_StaticBatchInfo:
    firstSubMesh: 0
    subMeshCount: 0
  m_StaticBatchRoot: {fileID: 0}
  m_ProbeAnchor: {fileID: 0}
  m_LightProbeVolumeOverride: {fileID: 0}
  m_ScaleInLightmap: 1
  m_ReceiveGI: 1
  m_PreserveUVs: 0
  m_IgnoreNormalsForChartDetection: 0
  m_ImportantGI: 0
  m_StitchLightmapSeams: 1
  m_SelectedEditorRenderState: 3
  m_MinimumChartSize: 4
  m_AutoUVMaxDistance: 0.5
  m_AutoUVMaxAngle: 89
  m_LightmapParameters: {fileID: 0}
  m_SortingLayerID: 0
  m_SortingLayer: 0
  m_SortingOrder: 0
--- !u!1 &378787799984328880
GameObject:
  m_ObjectHideFlags: 0
  m_CorrespondingSourceObject: {fileID: 0}
  m_PrefabInstance: {fileID: 0}
  m_PrefabAsset: {fileID: 0}
  serializedVersion: 6
  m_Component:
  - component: {fileID: 378787799984328881}
  - component: {fileID: 378787799984328883}
  - component: {fileID: 378787799984328882}
  m_Layer: 0
  m_Name: Tapis livingR
  m_TagString: Untagged
  m_Icon: {fileID: 0}
  m_NavMeshLayer: 0
  m_StaticEditorFlags: 4294967295
  m_IsActive: 1
--- !u!4 &378787799984328881
Transform:
  m_ObjectHideFlags: 0
  m_CorrespondingSourceObject: {fileID: 0}
  m_PrefabInstance: {fileID: 0}
  m_PrefabAsset: {fileID: 0}
  m_GameObject: {fileID: 378787799984328880}
  m_LocalRotation: {x: -0, y: -0.99977, z: -0, w: 0.021449775}
  m_LocalPosition: {x: -319.45804, y: -102.18336, z: 49.7497}
  m_LocalScale: {x: 99.99996, y: 100, z: 99.99996}
  m_Children: []
  m_Father: {fileID: 378787799045612821}
  m_RootOrder: 6
  m_LocalEulerAnglesHint: {x: 0, y: -114.422005, z: 0}
--- !u!33 &378787799984328883
MeshFilter:
  m_ObjectHideFlags: 0
  m_CorrespondingSourceObject: {fileID: 0}
  m_PrefabInstance: {fileID: 0}
  m_PrefabAsset: {fileID: 0}
  m_GameObject: {fileID: 378787799984328880}
  m_Mesh: {fileID: -332470130939881136, guid: 3aa35c2a735874f46889d91cd217bd43, type: 3}
--- !u!23 &378787799984328882
MeshRenderer:
  m_ObjectHideFlags: 0
  m_CorrespondingSourceObject: {fileID: 0}
  m_PrefabInstance: {fileID: 0}
  m_PrefabAsset: {fileID: 0}
  m_GameObject: {fileID: 378787799984328880}
  m_Enabled: 1
  m_CastShadows: 1
  m_ReceiveShadows: 1
  m_DynamicOccludee: 1
  m_MotionVectors: 1
  m_LightProbeUsage: 1
  m_ReflectionProbeUsage: 1
  m_RayTracingMode: 2
  m_RenderingLayerMask: 1
  m_RendererPriority: 0
  m_Materials:
  - {fileID: 2100000, guid: 166099b31c0d89747a053504ac6bd9ee, type: 2}
  m_StaticBatchInfo:
    firstSubMesh: 0
    subMeshCount: 0
  m_StaticBatchRoot: {fileID: 0}
  m_ProbeAnchor: {fileID: 0}
  m_LightProbeVolumeOverride: {fileID: 0}
  m_ScaleInLightmap: 1
  m_ReceiveGI: 1
  m_PreserveUVs: 0
  m_IgnoreNormalsForChartDetection: 0
  m_ImportantGI: 0
  m_StitchLightmapSeams: 1
  m_SelectedEditorRenderState: 3
  m_MinimumChartSize: 4
  m_AutoUVMaxDistance: 0.5
  m_AutoUVMaxAngle: 89
  m_LightmapParameters: {fileID: 0}
  m_SortingLayerID: 0
  m_SortingLayer: 0
  m_SortingOrder: 0
--- !u!1 &378787800083181082
GameObject:
  m_ObjectHideFlags: 0
  m_CorrespondingSourceObject: {fileID: 0}
  m_PrefabInstance: {fileID: 0}
  m_PrefabAsset: {fileID: 0}
  serializedVersion: 6
  m_Component:
  - component: {fileID: 378787800083181083}
  - component: {fileID: 378787800083181085}
  - component: {fileID: 378787800083181084}
  m_Layer: 0
  m_Name: Chandelier
  m_TagString: Untagged
  m_Icon: {fileID: 0}
  m_NavMeshLayer: 0
  m_StaticEditorFlags: 4294967295
  m_IsActive: 1
--- !u!4 &378787800083181083
Transform:
  m_ObjectHideFlags: 0
  m_CorrespondingSourceObject: {fileID: 0}
  m_PrefabInstance: {fileID: 0}
  m_PrefabAsset: {fileID: 0}
  m_GameObject: {fileID: 378787800083181082}
  m_LocalRotation: {x: -0.003552474, y: -0.77532583, z: -0.018983744, w: -0.6312661}
  m_LocalPosition: {x: -1.3130448, y: 0.43251032, z: -0.7249441}
  m_LocalScale: {x: 1, y: 1, z: 1}
  m_Children: []
  m_Father: {fileID: 378787799143847576}
  m_RootOrder: 4
  m_LocalEulerAnglesHint: {x: -1.4300001, y: 15.011001, z: 1.69}
--- !u!33 &378787800083181085
MeshFilter:
  m_ObjectHideFlags: 0
  m_CorrespondingSourceObject: {fileID: 0}
  m_PrefabInstance: {fileID: 0}
  m_PrefabAsset: {fileID: 0}
  m_GameObject: {fileID: 378787800083181082}
  m_Mesh: {fileID: 9096884052415582558, guid: e302f4905dc0af346b574469d0f78e54, type: 3}
--- !u!23 &378787800083181084
MeshRenderer:
  m_ObjectHideFlags: 0
  m_CorrespondingSourceObject: {fileID: 0}
  m_PrefabInstance: {fileID: 0}
  m_PrefabAsset: {fileID: 0}
  m_GameObject: {fileID: 378787800083181082}
  m_Enabled: 1
  m_CastShadows: 1
  m_ReceiveShadows: 1
  m_DynamicOccludee: 1
  m_MotionVectors: 1
  m_LightProbeUsage: 1
  m_ReflectionProbeUsage: 1
  m_RayTracingMode: 2
  m_RenderingLayerMask: 1
  m_RendererPriority: 0
  m_Materials:
  - {fileID: 2100000, guid: ccc2b969956447f499d6263736ed9dd0, type: 2}
  m_StaticBatchInfo:
    firstSubMesh: 0
    subMeshCount: 0
  m_StaticBatchRoot: {fileID: 0}
  m_ProbeAnchor: {fileID: 0}
  m_LightProbeVolumeOverride: {fileID: 0}
  m_ScaleInLightmap: 1
  m_ReceiveGI: 1
  m_PreserveUVs: 0
  m_IgnoreNormalsForChartDetection: 0
  m_ImportantGI: 0
  m_StitchLightmapSeams: 1
  m_SelectedEditorRenderState: 3
  m_MinimumChartSize: 4
  m_AutoUVMaxDistance: 0.5
  m_AutoUVMaxAngle: 89
  m_LightmapParameters: {fileID: 0}
  m_SortingLayerID: 0
  m_SortingLayer: 0
  m_SortingOrder: 0
--- !u!1 &378787800210916116
GameObject:
  m_ObjectHideFlags: 0
  m_CorrespondingSourceObject: {fileID: 0}
  m_PrefabInstance: {fileID: 0}
  m_PrefabAsset: {fileID: 0}
  serializedVersion: 6
  m_Component:
  - component: {fileID: 378787800210916117}
  - component: {fileID: 378787800210916119}
  - component: {fileID: 378787800210916118}
  m_Layer: 0
  m_Name: Livre_ouvert_3
  m_TagString: Untagged
  m_Icon: {fileID: 0}
  m_NavMeshLayer: 0
  m_StaticEditorFlags: 4294967295
  m_IsActive: 1
--- !u!4 &378787800210916117
Transform:
  m_ObjectHideFlags: 0
  m_CorrespondingSourceObject: {fileID: 0}
  m_PrefabInstance: {fileID: 0}
  m_PrefabAsset: {fileID: 0}
  m_GameObject: {fileID: 378787800210916116}
  m_LocalRotation: {x: -0.1463653, y: -0.09264003, z: 0.0020839013, w: -0.9848811}
  m_LocalPosition: {x: -1.3036053, y: 0.1988104, z: -0.6290231}
  m_LocalScale: {x: 1, y: 1, z: 1}
  m_Children: []
  m_Father: {fileID: 378787799143847576}
  m_RootOrder: 1
  m_LocalEulerAnglesHint: {x: 16.78, y: 27.904001, z: 1.3770001}
--- !u!33 &378787800210916119
MeshFilter:
  m_ObjectHideFlags: 0
  m_CorrespondingSourceObject: {fileID: 0}
  m_PrefabInstance: {fileID: 0}
  m_PrefabAsset: {fileID: 0}
  m_GameObject: {fileID: 378787800210916116}
  m_Mesh: {fileID: -539453104095493094, guid: eadcdb7c2be54ec4c85afdb399bf445b, type: 3}
--- !u!23 &378787800210916118
MeshRenderer:
  m_ObjectHideFlags: 0
  m_CorrespondingSourceObject: {fileID: 0}
  m_PrefabInstance: {fileID: 0}
  m_PrefabAsset: {fileID: 0}
  m_GameObject: {fileID: 378787800210916116}
  m_Enabled: 1
  m_CastShadows: 0
  m_ReceiveShadows: 1
  m_DynamicOccludee: 1
  m_MotionVectors: 1
  m_LightProbeUsage: 1
  m_ReflectionProbeUsage: 1
  m_RayTracingMode: 2
  m_RenderingLayerMask: 1
  m_RendererPriority: 0
  m_Materials:
  - {fileID: 2100000, guid: 60b4954c527dc9c4f9532a6569facd51, type: 2}
  m_StaticBatchInfo:
    firstSubMesh: 0
    subMeshCount: 0
  m_StaticBatchRoot: {fileID: 0}
  m_ProbeAnchor: {fileID: 0}
  m_LightProbeVolumeOverride: {fileID: 0}
  m_ScaleInLightmap: 1
  m_ReceiveGI: 1
  m_PreserveUVs: 0
  m_IgnoreNormalsForChartDetection: 0
  m_ImportantGI: 0
  m_StitchLightmapSeams: 1
  m_SelectedEditorRenderState: 3
  m_MinimumChartSize: 4
  m_AutoUVMaxDistance: 0.5
  m_AutoUVMaxAngle: 89
  m_LightmapParameters: {fileID: 0}
  m_SortingLayerID: 0
  m_SortingLayer: 0
  m_SortingOrder: 0
--- !u!1 &378787800257658127
GameObject:
  m_ObjectHideFlags: 0
  m_CorrespondingSourceObject: {fileID: 0}
  m_PrefabInstance: {fileID: 0}
  m_PrefabAsset: {fileID: 0}
  serializedVersion: 6
  m_Component:
  - component: {fileID: 378787800257658128}
  - component: {fileID: 378787800257658130}
  - component: {fileID: 378787800257658129}
  m_Layer: 0
  m_Name: Livre_ouvert_3 (1)
  m_TagString: Untagged
  m_Icon: {fileID: 0}
  m_NavMeshLayer: 0
  m_StaticEditorFlags: 4294967295
  m_IsActive: 1
--- !u!4 &378787800257658128
Transform:
  m_ObjectHideFlags: 0
  m_CorrespondingSourceObject: {fileID: 0}
  m_PrefabInstance: {fileID: 0}
  m_PrefabAsset: {fileID: 0}
  m_GameObject: {fileID: 378787800257658127}
  m_LocalRotation: {x: 0.9863604, y: -0.1021432, z: -0.047032665, w: -0.120199725}
  m_LocalPosition: {x: 0.494, y: 0.035, z: 0.168}
  m_LocalScale: {x: 1, y: 1, z: 1}
  m_Children:
  - {fileID: 378787799229877036}
  m_Father: {fileID: 378787799308768191}
  m_RootOrder: 1
  m_LocalEulerAnglesHint: {x: 194.284, y: 4.0369873, z: 11.317993}
--- !u!33 &378787800257658130
MeshFilter:
  m_ObjectHideFlags: 0
  m_CorrespondingSourceObject: {fileID: 0}
  m_PrefabInstance: {fileID: 0}
  m_PrefabAsset: {fileID: 0}
  m_GameObject: {fileID: 378787800257658127}
  m_Mesh: {fileID: -539453104095493094, guid: eadcdb7c2be54ec4c85afdb399bf445b, type: 3}
--- !u!23 &378787800257658129
MeshRenderer:
  m_ObjectHideFlags: 0
  m_CorrespondingSourceObject: {fileID: 0}
  m_PrefabInstance: {fileID: 0}
  m_PrefabAsset: {fileID: 0}
  m_GameObject: {fileID: 378787800257658127}
  m_Enabled: 1
  m_CastShadows: 1
  m_ReceiveShadows: 1
  m_DynamicOccludee: 1
  m_MotionVectors: 1
  m_LightProbeUsage: 1
  m_ReflectionProbeUsage: 1
  m_RayTracingMode: 2
  m_RenderingLayerMask: 1
  m_RendererPriority: 0
  m_Materials:
  - {fileID: 2100000, guid: b55b4a5c0d7216d4a8508fba0d923dd2, type: 2}
  m_StaticBatchInfo:
    firstSubMesh: 0
    subMeshCount: 0
  m_StaticBatchRoot: {fileID: 0}
  m_ProbeAnchor: {fileID: 0}
  m_LightProbeVolumeOverride: {fileID: 0}
  m_ScaleInLightmap: 1
  m_ReceiveGI: 1
  m_PreserveUVs: 0
  m_IgnoreNormalsForChartDetection: 0
  m_ImportantGI: 0
  m_StitchLightmapSeams: 1
  m_SelectedEditorRenderState: 3
  m_MinimumChartSize: 4
  m_AutoUVMaxDistance: 0.5
  m_AutoUVMaxAngle: 89
  m_LightmapParameters: {fileID: 0}
  m_SortingLayerID: 0
  m_SortingLayer: 0
  m_SortingOrder: 0
--- !u!1 &378787800394040967
GameObject:
  m_ObjectHideFlags: 0
  m_CorrespondingSourceObject: {fileID: 0}
  m_PrefabInstance: {fileID: 0}
  m_PrefabAsset: {fileID: 0}
  serializedVersion: 6
  m_Component:
  - component: {fileID: 378787800394040968}
  - component: {fileID: 378787800394040972}
  - component: {fileID: 378787800394040971}
  m_Layer: 0
  m_Name: Livre_3 (1)
  m_TagString: Untagged
  m_Icon: {fileID: 0}
  m_NavMeshLayer: 0
  m_StaticEditorFlags: 4294967295
  m_IsActive: 1
--- !u!4 &378787800394040968
Transform:
  m_ObjectHideFlags: 0
  m_CorrespondingSourceObject: {fileID: 0}
  m_PrefabInstance: {fileID: 0}
  m_PrefabAsset: {fileID: 0}
  m_GameObject: {fileID: 378787800394040967}
  m_LocalRotation: {x: -0, y: -0.85765296, z: -0, w: 0.514229}
  m_LocalPosition: {x: 0, y: 0.1973, z: 0}
  m_LocalScale: {x: 1, y: 1, z: 1}
  m_Children:
  - {fileID: 378787800585224192}
  m_Father: {fileID: 378787799308768191}
  m_RootOrder: 3
  m_LocalEulerAnglesHint: {x: 0, y: -118.10801, z: 0}
--- !u!33 &378787800394040972
MeshFilter:
  m_ObjectHideFlags: 0
  m_CorrespondingSourceObject: {fileID: 0}
  m_PrefabInstance: {fileID: 0}
  m_PrefabAsset: {fileID: 0}
  m_GameObject: {fileID: 378787800394040967}
  m_Mesh: {fileID: -1990675280274107132, guid: 49dead3e60b2de148aec1d99a8bb0f16, type: 3}
--- !u!23 &378787800394040971
MeshRenderer:
  m_ObjectHideFlags: 0
  m_CorrespondingSourceObject: {fileID: 0}
  m_PrefabInstance: {fileID: 0}
  m_PrefabAsset: {fileID: 0}
  m_GameObject: {fileID: 378787800394040967}
  m_Enabled: 1
  m_CastShadows: 1
  m_ReceiveShadows: 1
  m_DynamicOccludee: 1
  m_MotionVectors: 1
  m_LightProbeUsage: 1
  m_ReflectionProbeUsage: 1
  m_RayTracingMode: 2
  m_RenderingLayerMask: 1
  m_RendererPriority: 0
  m_Materials:
  - {fileID: 2100000, guid: f09794de9fc347e4694b871633ca6324, type: 2}
  m_StaticBatchInfo:
    firstSubMesh: 0
    subMeshCount: 0
  m_StaticBatchRoot: {fileID: 0}
  m_ProbeAnchor: {fileID: 0}
  m_LightProbeVolumeOverride: {fileID: 0}
  m_ScaleInLightmap: 1
  m_ReceiveGI: 1
  m_PreserveUVs: 0
  m_IgnoreNormalsForChartDetection: 0
  m_ImportantGI: 0
  m_StitchLightmapSeams: 1
  m_SelectedEditorRenderState: 3
  m_MinimumChartSize: 4
  m_AutoUVMaxDistance: 0.5
  m_AutoUVMaxAngle: 89
  m_LightmapParameters: {fileID: 0}
  m_SortingLayerID: 0
  m_SortingLayer: 0
  m_SortingOrder: 0
--- !u!1 &378787800585224255
GameObject:
  m_ObjectHideFlags: 0
  m_CorrespondingSourceObject: {fileID: 0}
  m_PrefabInstance: {fileID: 0}
  m_PrefabAsset: {fileID: 0}
  serializedVersion: 6
  m_Component:
  - component: {fileID: 378787800585224192}
  m_Layer: 0
  m_Name: GameObject
  m_TagString: Untagged
  m_Icon: {fileID: 0}
  m_NavMeshLayer: 0
  m_StaticEditorFlags: 4294967295
  m_IsActive: 1
--- !u!4 &378787800585224192
Transform:
  m_ObjectHideFlags: 0
  m_CorrespondingSourceObject: {fileID: 0}
  m_PrefabInstance: {fileID: 0}
  m_PrefabAsset: {fileID: 0}
  m_GameObject: {fileID: 378787800585224255}
  m_LocalRotation: {x: 0, y: 0, z: 0, w: 1}
  m_LocalPosition: {x: 0, y: 0, z: 0}
  m_LocalScale: {x: 1, y: 1, z: 1}
  m_Children: []
  m_Father: {fileID: 378787800394040968}
  m_RootOrder: 0
  m_LocalEulerAnglesHint: {x: 0, y: 0, z: 0}
--- !u!1 &378787800763439803
GameObject:
  m_ObjectHideFlags: 0
  m_CorrespondingSourceObject: {fileID: 0}
  m_PrefabInstance: {fileID: 0}
  m_PrefabAsset: {fileID: 0}
  serializedVersion: 6
  m_Component:
  - component: {fileID: 378787800763439804}
  - component: {fileID: 378787800763439744}
  - component: {fileID: 378787800763439807}
  m_Layer: 0
  m_Name: Livre_1 (1)
  m_TagString: Untagged
  m_Icon: {fileID: 0}
  m_NavMeshLayer: 0
  m_StaticEditorFlags: 4294967295
  m_IsActive: 1
--- !u!4 &378787800763439804
Transform:
  m_ObjectHideFlags: 0
  m_CorrespondingSourceObject: {fileID: 0}
  m_PrefabInstance: {fileID: 0}
  m_PrefabAsset: {fileID: 0}
  m_GameObject: {fileID: 378787800763439803}
  m_LocalRotation: {x: -0, y: 0.37186816, z: -0, w: 0.9282856}
  m_LocalPosition: {x: 0.009, y: 0.099, z: 0.019}
  m_LocalScale: {x: 1, y: 1, z: 1}
  m_Children:
  - {fileID: 378787799385658233}
  m_Father: {fileID: 378787799308768191}
  m_RootOrder: 4
  m_LocalEulerAnglesHint: {x: 0, y: 43.662003, z: 0}
--- !u!33 &378787800763439744
MeshFilter:
  m_ObjectHideFlags: 0
  m_CorrespondingSourceObject: {fileID: 0}
  m_PrefabInstance: {fileID: 0}
  m_PrefabAsset: {fileID: 0}
  m_GameObject: {fileID: 378787800763439803}
  m_Mesh: {fileID: 435937207487318135, guid: 5bd0b6afabe2ff146abea1aff9f32563, type: 3}
--- !u!23 &378787800763439807
MeshRenderer:
  m_ObjectHideFlags: 0
  m_CorrespondingSourceObject: {fileID: 0}
  m_PrefabInstance: {fileID: 0}
  m_PrefabAsset: {fileID: 0}
  m_GameObject: {fileID: 378787800763439803}
  m_Enabled: 1
  m_CastShadows: 1
  m_ReceiveShadows: 1
  m_DynamicOccludee: 1
  m_MotionVectors: 1
  m_LightProbeUsage: 1
  m_ReflectionProbeUsage: 1
  m_RayTracingMode: 2
  m_RenderingLayerMask: 1
  m_RendererPriority: 0
  m_Materials:
  - {fileID: 2100000, guid: d1e07a80c03a7f845a40c45e84ce943b, type: 2}
  m_StaticBatchInfo:
    firstSubMesh: 0
    subMeshCount: 0
  m_StaticBatchRoot: {fileID: 0}
  m_ProbeAnchor: {fileID: 0}
  m_LightProbeVolumeOverride: {fileID: 0}
  m_ScaleInLightmap: 1
  m_ReceiveGI: 1
  m_PreserveUVs: 0
  m_IgnoreNormalsForChartDetection: 0
  m_ImportantGI: 0
  m_StitchLightmapSeams: 1
  m_SelectedEditorRenderState: 3
  m_MinimumChartSize: 4
  m_AutoUVMaxDistance: 0.5
  m_AutoUVMaxAngle: 89
  m_LightmapParameters: {fileID: 0}
  m_SortingLayerID: 0
  m_SortingLayer: 0
  m_SortingOrder: 0
--- !u!1001 &378787798802324922
PrefabInstance:
  m_ObjectHideFlags: 0
  serializedVersion: 2
  m_Modification:
    m_TransformParent: {fileID: 378787799045612821}
    m_Modifications:
    - target: {fileID: 2688274645101475704, guid: 09d9bd7b6d67037428923fa5b5ca8c30,
        type: 3}
      propertyPath: m_Name
      value: FIRE
      objectReference: {fileID: 0}
    - target: {fileID: 2688274645101475710, guid: 09d9bd7b6d67037428923fa5b5ca8c30,
        type: 3}
      propertyPath: InitialModule.startColor.maxColor.r
      value: 0.7735849
      objectReference: {fileID: 0}
    - target: {fileID: 2688274645101475710, guid: 09d9bd7b6d67037428923fa5b5ca8c30,
        type: 3}
      propertyPath: InitialModule.startColor.maxColor.g
      value: 0.54943705
      objectReference: {fileID: 0}
    - target: {fileID: 2688274645101475710, guid: 09d9bd7b6d67037428923fa5b5ca8c30,
        type: 3}
      propertyPath: InitialModule.startColor.maxColor.b
      value: 0.4488252
      objectReference: {fileID: 0}
    - target: {fileID: 2688274645101475710, guid: 09d9bd7b6d67037428923fa5b5ca8c30,
        type: 3}
      propertyPath: LightsModule.light
      value: 
      objectReference: {fileID: 378787799140985385}
    - target: {fileID: 2688274645101475711, guid: 09d9bd7b6d67037428923fa5b5ca8c30,
        type: 3}
      propertyPath: m_LocalPosition.x
      value: -454.38226
      objectReference: {fileID: 0}
    - target: {fileID: 2688274645101475711, guid: 09d9bd7b6d67037428923fa5b5ca8c30,
        type: 3}
      propertyPath: m_LocalPosition.y
      value: 106.8
      objectReference: {fileID: 0}
    - target: {fileID: 2688274645101475711, guid: 09d9bd7b6d67037428923fa5b5ca8c30,
        type: 3}
      propertyPath: m_LocalPosition.z
      value: 72.77793
      objectReference: {fileID: 0}
    - target: {fileID: 2688274645101475711, guid: 09d9bd7b6d67037428923fa5b5ca8c30,
        type: 3}
      propertyPath: m_LocalRotation.x
      value: 0.68307096
      objectReference: {fileID: 0}
    - target: {fileID: 2688274645101475711, guid: 09d9bd7b6d67037428923fa5b5ca8c30,
        type: 3}
      propertyPath: m_LocalRotation.y
      value: -0.18279536
      objectReference: {fileID: 0}
    - target: {fileID: 2688274645101475711, guid: 09d9bd7b6d67037428923fa5b5ca8c30,
        type: 3}
      propertyPath: m_LocalRotation.z
      value: -0.18279536
      objectReference: {fileID: 0}
    - target: {fileID: 2688274645101475711, guid: 09d9bd7b6d67037428923fa5b5ca8c30,
        type: 3}
      propertyPath: m_LocalRotation.w
      value: -0.68307096
      objectReference: {fileID: 0}
    - target: {fileID: 2688274645101475711, guid: 09d9bd7b6d67037428923fa5b5ca8c30,
        type: 3}
      propertyPath: m_RootOrder
      value: 3
      objectReference: {fileID: 0}
    - target: {fileID: 2688274645101475711, guid: 09d9bd7b6d67037428923fa5b5ca8c30,
        type: 3}
      propertyPath: m_LocalEulerAnglesHint.x
      value: -90
      objectReference: {fileID: 0}
    - target: {fileID: 2688274645101475711, guid: 09d9bd7b6d67037428923fa5b5ca8c30,
        type: 3}
      propertyPath: m_LocalEulerAnglesHint.y
      value: 0
      objectReference: {fileID: 0}
    - target: {fileID: 2688274645101475711, guid: 09d9bd7b6d67037428923fa5b5ca8c30,
        type: 3}
      propertyPath: m_LocalEulerAnglesHint.z
      value: 0
      objectReference: {fileID: 0}
    - target: {fileID: 2688274645101475711, guid: 09d9bd7b6d67037428923fa5b5ca8c30,
        type: 3}
      propertyPath: m_LocalScale.x
      value: 0.040996574
      objectReference: {fileID: 0}
    - target: {fileID: 2688274645101475711, guid: 09d9bd7b6d67037428923fa5b5ca8c30,
        type: 3}
      propertyPath: m_LocalScale.y
      value: 0.19345434
      objectReference: {fileID: 0}
    - target: {fileID: 2688274645101475711, guid: 09d9bd7b6d67037428923fa5b5ca8c30,
        type: 3}
      propertyPath: m_LocalScale.z
      value: 0.027294029
      objectReference: {fileID: 0}
    m_RemovedComponents: []
  m_SourcePrefab: {fileID: 100100000, guid: 09d9bd7b6d67037428923fa5b5ca8c30, type: 3}
--- !u!4 &2310085977058257605 stripped
Transform:
  m_CorrespondingSourceObject: {fileID: 2688274645101475711, guid: 09d9bd7b6d67037428923fa5b5ca8c30,
    type: 3}
  m_PrefabInstance: {fileID: 378787798802324922}
  m_PrefabAsset: {fileID: 0}
--- !u!1001 &378787800634118885
PrefabInstance:
  m_ObjectHideFlags: 0
  serializedVersion: 2
  m_Modification:
    m_TransformParent: {fileID: 378787799045612821}
    m_Modifications:
    - target: {fileID: 2688274645101475704, guid: 09d9bd7b6d67037428923fa5b5ca8c30,
        type: 3}
      propertyPath: m_Name
      value: FIRE (1)
      objectReference: {fileID: 0}
    - target: {fileID: 2688274645101475710, guid: 09d9bd7b6d67037428923fa5b5ca8c30,
        type: 3}
      propertyPath: InitialModule.startColor.maxColor.r
      value: 0.7735849
      objectReference: {fileID: 0}
    - target: {fileID: 2688274645101475710, guid: 09d9bd7b6d67037428923fa5b5ca8c30,
        type: 3}
      propertyPath: InitialModule.startColor.maxColor.g
      value: 0.54943705
      objectReference: {fileID: 0}
    - target: {fileID: 2688274645101475710, guid: 09d9bd7b6d67037428923fa5b5ca8c30,
        type: 3}
      propertyPath: InitialModule.startColor.maxColor.b
      value: 0.4488252
      objectReference: {fileID: 0}
    - target: {fileID: 2688274645101475710, guid: 09d9bd7b6d67037428923fa5b5ca8c30,
        type: 3}
      propertyPath: LightsModule.light
      value: 
      objectReference: {fileID: 378787798958946828}
    - target: {fileID: 2688274645101475711, guid: 09d9bd7b6d67037428923fa5b5ca8c30,
        type: 3}
      propertyPath: m_LocalPosition.x
      value: -490.47687
      objectReference: {fileID: 0}
    - target: {fileID: 2688274645101475711, guid: 09d9bd7b6d67037428923fa5b5ca8c30,
        type: 3}
      propertyPath: m_LocalPosition.y
      value: 117.3
      objectReference: {fileID: 0}
    - target: {fileID: 2688274645101475711, guid: 09d9bd7b6d67037428923fa5b5ca8c30,
        type: 3}
      propertyPath: m_LocalPosition.z
      value: 35.976635
      objectReference: {fileID: 0}
    - target: {fileID: 2688274645101475711, guid: 09d9bd7b6d67037428923fa5b5ca8c30,
        type: 3}
      propertyPath: m_LocalRotation.x
      value: 0.68307096
      objectReference: {fileID: 0}
    - target: {fileID: 2688274645101475711, guid: 09d9bd7b6d67037428923fa5b5ca8c30,
        type: 3}
      propertyPath: m_LocalRotation.y
      value: -0.18279536
      objectReference: {fileID: 0}
    - target: {fileID: 2688274645101475711, guid: 09d9bd7b6d67037428923fa5b5ca8c30,
        type: 3}
      propertyPath: m_LocalRotation.z
      value: -0.18279536
      objectReference: {fileID: 0}
    - target: {fileID: 2688274645101475711, guid: 09d9bd7b6d67037428923fa5b5ca8c30,
        type: 3}
      propertyPath: m_LocalRotation.w
      value: -0.68307096
      objectReference: {fileID: 0}
    - target: {fileID: 2688274645101475711, guid: 09d9bd7b6d67037428923fa5b5ca8c30,
        type: 3}
      propertyPath: m_RootOrder
      value: 2
      objectReference: {fileID: 0}
    - target: {fileID: 2688274645101475711, guid: 09d9bd7b6d67037428923fa5b5ca8c30,
        type: 3}
      propertyPath: m_LocalEulerAnglesHint.x
      value: -90
      objectReference: {fileID: 0}
    - target: {fileID: 2688274645101475711, guid: 09d9bd7b6d67037428923fa5b5ca8c30,
        type: 3}
      propertyPath: m_LocalEulerAnglesHint.y
      value: 0
      objectReference: {fileID: 0}
    - target: {fileID: 2688274645101475711, guid: 09d9bd7b6d67037428923fa5b5ca8c30,
        type: 3}
      propertyPath: m_LocalEulerAnglesHint.z
      value: 0
      objectReference: {fileID: 0}
    - target: {fileID: 2688274645101475711, guid: 09d9bd7b6d67037428923fa5b5ca8c30,
        type: 3}
      propertyPath: m_LocalScale.x
      value: 0.048496813
      objectReference: {fileID: 0}
    - target: {fileID: 2688274645101475711, guid: 09d9bd7b6d67037428923fa5b5ca8c30,
        type: 3}
      propertyPath: m_LocalScale.y
      value: 0.2288464
      objectReference: {fileID: 0}
    - target: {fileID: 2688274645101475711, guid: 09d9bd7b6d67037428923fa5b5ca8c30,
        type: 3}
      propertyPath: m_LocalScale.z
      value: 0.03228741
      objectReference: {fileID: 0}
    m_RemovedComponents: []
  m_SourcePrefab: {fileID: 100100000, guid: 09d9bd7b6d67037428923fa5b5ca8c30, type: 3}
--- !u!4 &2310085975226328474 stripped
Transform:
  m_CorrespondingSourceObject: {fileID: 2688274645101475711, guid: 09d9bd7b6d67037428923fa5b5ca8c30,
    type: 3}
  m_PrefabInstance: {fileID: 378787800634118885}
  m_PrefabAsset: {fileID: 0}
--- !u!1001 &2292975050317695155
PrefabInstance:
  m_ObjectHideFlags: 0
  serializedVersion: 2
  m_Modification:
    m_TransformParent: {fileID: 378787799045612821}
    m_Modifications:
    - target: {fileID: 1915140176360397920, guid: e6e8bb6791b55d54a9c6668056e33a0d,
        type: 3}
      propertyPath: m_LocalPosition.x
      value: -414.402
      objectReference: {fileID: 0}
    - target: {fileID: 1915140176360397920, guid: e6e8bb6791b55d54a9c6668056e33a0d,
        type: 3}
      propertyPath: m_LocalPosition.y
      value: -92.799995
      objectReference: {fileID: 0}
    - target: {fileID: 1915140176360397920, guid: e6e8bb6791b55d54a9c6668056e33a0d,
        type: 3}
      propertyPath: m_LocalPosition.z
      value: -28.684183
      objectReference: {fileID: 0}
    - target: {fileID: 1915140176360397920, guid: e6e8bb6791b55d54a9c6668056e33a0d,
        type: 3}
      propertyPath: m_LocalRotation.x
      value: -0
      objectReference: {fileID: 0}
    - target: {fileID: 1915140176360397920, guid: e6e8bb6791b55d54a9c6668056e33a0d,
        type: 3}
      propertyPath: m_LocalRotation.y
      value: -0.8120584
      objectReference: {fileID: 0}
    - target: {fileID: 1915140176360397920, guid: e6e8bb6791b55d54a9c6668056e33a0d,
        type: 3}
      propertyPath: m_LocalRotation.z
      value: -0
      objectReference: {fileID: 0}
    - target: {fileID: 1915140176360397920, guid: e6e8bb6791b55d54a9c6668056e33a0d,
        type: 3}
      propertyPath: m_LocalRotation.w
      value: -0.58357626
      objectReference: {fileID: 0}
    - target: {fileID: 1915140176360397920, guid: e6e8bb6791b55d54a9c6668056e33a0d,
        type: 3}
      propertyPath: m_RootOrder
      value: 9
      objectReference: {fileID: 0}
    - target: {fileID: 1915140176360397920, guid: e6e8bb6791b55d54a9c6668056e33a0d,
        type: 3}
      propertyPath: m_LocalEulerAnglesHint.x
      value: 0
      objectReference: {fileID: 0}
    - target: {fileID: 1915140176360397920, guid: e6e8bb6791b55d54a9c6668056e33a0d,
        type: 3}
      propertyPath: m_LocalEulerAnglesHint.y
      value: -175.76201
      objectReference: {fileID: 0}
    - target: {fileID: 1915140176360397920, guid: e6e8bb6791b55d54a9c6668056e33a0d,
        type: 3}
      propertyPath: m_LocalEulerAnglesHint.z
      value: 0
      objectReference: {fileID: 0}
    - target: {fileID: 1915140176360397920, guid: e6e8bb6791b55d54a9c6668056e33a0d,
        type: 3}
      propertyPath: m_LocalScale.x
      value: 99.99996
      objectReference: {fileID: 0}
    - target: {fileID: 1915140176360397920, guid: e6e8bb6791b55d54a9c6668056e33a0d,
        type: 3}
      propertyPath: m_LocalScale.y
      value: 100
      objectReference: {fileID: 0}
    - target: {fileID: 1915140176360397920, guid: e6e8bb6791b55d54a9c6668056e33a0d,
        type: 3}
      propertyPath: m_LocalScale.z
      value: 99.99996
      objectReference: {fileID: 0}
    - target: {fileID: 1915140176360397921, guid: e6e8bb6791b55d54a9c6668056e33a0d,
        type: 3}
      propertyPath: m_Name
      value: Part_gateau_up_fraise3
      objectReference: {fileID: 0}
    m_RemovedComponents: []
  m_SourcePrefab: {fileID: 100100000, guid: e6e8bb6791b55d54a9c6668056e33a0d, type: 3}
--- !u!4 &378787799493465299 stripped
Transform:
  m_CorrespondingSourceObject: {fileID: 1915140176360397920, guid: e6e8bb6791b55d54a9c6668056e33a0d,
    type: 3}
  m_PrefabInstance: {fileID: 2292975050317695155}
  m_PrefabAsset: {fileID: 0}
--- !u!1001 &7881382255657111799
PrefabInstance:
  m_ObjectHideFlags: 0
  serializedVersion: 2
  m_Modification:
    m_TransformParent: {fileID: 378787799045612821}
    m_Modifications:
    - target: {fileID: 7503544639525678376, guid: e2171f5c55eccd944806767d6a52216a,
        type: 3}
      propertyPath: m_Name
      value: Assiette
      objectReference: {fileID: 0}
    - target: {fileID: 7503544639525678423, guid: e2171f5c55eccd944806767d6a52216a,
        type: 3}
      propertyPath: m_LocalPosition.x
      value: -226.11847
      objectReference: {fileID: 0}
    - target: {fileID: 7503544639525678423, guid: e2171f5c55eccd944806767d6a52216a,
        type: 3}
      propertyPath: m_LocalPosition.y
      value: -104.4
      objectReference: {fileID: 0}
    - target: {fileID: 7503544639525678423, guid: e2171f5c55eccd944806767d6a52216a,
        type: 3}
      propertyPath: m_LocalPosition.z
      value: 257.2136
      objectReference: {fileID: 0}
    - target: {fileID: 7503544639525678423, guid: e2171f5c55eccd944806767d6a52216a,
        type: 3}
      propertyPath: m_LocalRotation.x
      value: -0.0033043611
      objectReference: {fileID: 0}
    - target: {fileID: 7503544639525678423, guid: e2171f5c55eccd944806767d6a52216a,
        type: 3}
      propertyPath: m_LocalRotation.y
      value: -0.97818494
      objectReference: {fileID: 0}
    - target: {fileID: 7503544639525678423, guid: e2171f5c55eccd944806767d6a52216a,
        type: 3}
      propertyPath: m_LocalRotation.z
      value: 0.0135520045
      objectReference: {fileID: 0}
    - target: {fileID: 7503544639525678423, guid: e2171f5c55eccd944806767d6a52216a,
        type: 3}
      propertyPath: m_LocalRotation.w
      value: -0.20726755
      objectReference: {fileID: 0}
    - target: {fileID: 7503544639525678423, guid: e2171f5c55eccd944806767d6a52216a,
        type: 3}
      propertyPath: m_RootOrder
      value: 10
      objectReference: {fileID: 0}
    - target: {fileID: 7503544639525678423, guid: e2171f5c55eccd944806767d6a52216a,
        type: 3}
      propertyPath: m_LocalEulerAnglesHint.x
      value: 1.598
      objectReference: {fileID: 0}
    - target: {fileID: 7503544639525678423, guid: e2171f5c55eccd944806767d6a52216a,
        type: 3}
      propertyPath: m_LocalEulerAnglesHint.y
      value: -128.283
      objectReference: {fileID: 0}
    - target: {fileID: 7503544639525678423, guid: e2171f5c55eccd944806767d6a52216a,
        type: 3}
      propertyPath: m_LocalEulerAnglesHint.z
      value: 0.049000002
      objectReference: {fileID: 0}
    - target: {fileID: 7503544639525678423, guid: e2171f5c55eccd944806767d6a52216a,
        type: 3}
      propertyPath: m_LocalScale.x
      value: 1
      objectReference: {fileID: 0}
    - target: {fileID: 7503544639525678423, guid: e2171f5c55eccd944806767d6a52216a,
        type: 3}
      propertyPath: m_LocalScale.y
      value: 1
      objectReference: {fileID: 0}
    - target: {fileID: 7503544639525678423, guid: e2171f5c55eccd944806767d6a52216a,
        type: 3}
      propertyPath: m_LocalScale.z
      value: 1
      objectReference: {fileID: 0}
    m_RemovedComponents: []
  m_SourcePrefab: {fileID: 100100000, guid: e2171f5c55eccd944806767d6a52216a, type: 3}
--- !u!4 &378787800611601824 stripped
Transform:
  m_CorrespondingSourceObject: {fileID: 7503544639525678423, guid: e2171f5c55eccd944806767d6a52216a,
    type: 3}
  m_PrefabInstance: {fileID: 7881382255657111799}
  m_PrefabAsset: {fileID: 0}
